 Dungeon Crawl Stone Soup version 0.17-a0-1485-g22cb0ee (webtiles) character file.

84 Rectilian the Skirmisher (level 4, -1/61 HPs)
             Began as a Hill Orc Berserker on July 5, 2015.
             Was a Believer of Trog.
             Slain by a gnoll
             ... wielding a +0 whip
              (6 damage)
             ... on level 2 of the Dungeon.
             The game lasted 00:09:49 (1998 turns).

Rectilian the Skirmisher (Hill Orc Berserker)       Turns: 1998, Time: 00:09:50

Health: -1/61      AC:  6    Str: 25      XL:     4   Next: 46%
Magic:  3/3        EV: 10    Int:  7      God:    Trog [**....]
Gold:   75         SH:  0    Dex:  8 (10) Spells: 0 memorised, 3 levels left

rFire  . . .     SeeInvis .     a - +0 mace
rCold  + . .     Clarity  .     j - +0 scale mail
rNeg   . . .     SustAt   .     (no shield)
rPois  .         Gourm    .     (no helmet)
rElec  .         Spirit   .     (no cloak)
rCorr  .         Warding  .     (no gloves)
rMut   .         Stasis   .     (no boots)
MR     .....                    (no amulet)
Stlth  ..........               (no ring)
                                (no ring)

@: berserking, lethally poisoned (-1 -> -2), very quick, not resistant to
hostile enchantments, extremely unstealthy
A: hooves 1, cold resistance 1, low mp 1
a: Burn Spellbooks, Berserk, Trog's Hand, Renounce Religion


You were on level 2 of the Dungeon.
You worshipped Trog.
Trog was pleased with you.
You were not hungry.

You visited 1 branch of the dungeon, and saw 2 of its levels.

You collected 75 gold pieces.

Inventory:

Hand weapons
 a - a +0 mace (weapon)
Armour
 b - a +0 animal skin
 j - a +0 scale mail (worn)
Jewellery
 e - a cursed ring of teleportation {unknown}
 m - an uncursed amulet of clarity {unknown}
Scrolls
 h - a scroll of remove curse {unknown}
 i - a scroll of random uselessness
Potions
 d - a potion of agility {unknown}
 l - a potion of curing {unknown}
 n - a potion of lignification {unknown}
Comestibles
 c - 3 bread rations
 g - 2 meat rations
 k - a royal jelly


   Skills:
 + Level 4.6 Fighting
 + Level 4.0 Maces & Flails
 + Level 2.7 Armour
 + Level 2.3 Dodging


You had 3 spell levels left.
You didn't know any spells.

Dungeon Overview and Level Annotations

Branches:
Dungeon (2/15)

Altars:


Innate Abilities, Weirdness & Mutations

You have large cloven feet.
Your flesh is cold resistant.
Your magical capacity is low (-10% MP).


Message History

A red film seems to cover your vision as you go berserk!
You feel yourself moving faster!
You feel mighty!
You feel somewhat more hungry. The gnoll closely misses you.
You hit the gnoll.
The gnoll is moderately wounded.
You feel sick. The gnoll hits you with a whip!
* * * LOW HITPOINT WARNING * * *
The gnoll barely misses you.
You closely miss the gnoll. Your kick misses the gnoll.
The gnoll is moderately wounded.
The gnoll hits you with a whip.
* * * LOW HITPOINT WARNING * * *
The gnoll hits you from afar with a spear.
* * * LOW HITPOINT WARNING * * *
You closely miss the gnoll.
The gnoll is moderately wounded.
You barely miss the gnoll. You kick the gnoll.
The gnoll is heavily wounded.
The gnoll hits you with a whip.
You die...

#......#.......#8.8#..
#..............##.####
#..............##.####
#####.##.......#8.8#..
#.###########.####
#...##8###8##.##8#
#.#.'.............
#.####8###8##.##8# #@#
# # #.#### ##g#### 8.8
#Kgg..# ##.# #.K...#
#.# #(....# 8.8
#.....# #.# #.....#
#######.#####
.......)....#


You could see 3 gnolls and 2 kobolds.

Vanquished Creatures
  A gnoll (D:2)
  3 adders
  2 worms (D:2)
  A giant gecko (D:2)
  A ball python (D:2)
  5 giant cockroaches
  5 goblins
  8 hobgoblins
  4 jackals (D:2)
  5 kobolds
  A giant newt (D:2)
  5 rats
41 creatures vanquished.

Notes
Turn   | Place    | Note
--------------------------------------------------------------
     0 | D:1      | Rectilian the Hill Orc Berserker began the quest for the Orb.
     0 | D:1      | Reached XP level 1. HP: 19/19 MP: 1/1
   448 | D:1      | Reached XP level 2. HP: 27/27 MP: 2/2
   537 | D:1      | Reached skill level 4 in Fighting
   579 | D:1      | You fall through a shaft!
  1026 | D:1      | Reached XP level 3. HP: 20/33 MP: 3/3
  1443 | D:2      | Found a faded altar to an unknown god.
  1459 | D:2      | Acquired Trog's second power
  1770 | D:2      | Reached XP level 4. HP: 37/41 MP: 4/4
  1851 | D:2      | Gained mutation: Your magical capacity is low (-10% MP). [potion of mutation]
  1851 | D:2      | Gained mutation: Your flesh is cold resistant. [potion of mutation]
  1851 | D:2      | Gained mutation: You have large cloven feet. [potion of mutation]
  1998 | D:2      | Slain by a gnoll

Vault maps used:
D:1:      minmay_arrival_diagonal_passages
D:2:      ecumenical_altar_1, first_bread, dk_noncrumbling_2

Action                   |  1- 3 |  4- 6 || total
-------------------------+-------+-------++-------
Melee: Mace              |   109 |    24 ||   133
Invok: Trog's Hand       |     1 |       ||     1
       Berserk           |       |     1 ||     1
  Use: Potion            |     2 |     2 ||     4
       Scroll            |     2 |       ||     2
  Eat: Bread ration      |     1 |       ||     1
